Unix NetHack Version 5.0.0-0 post-release - last build Jun 10 2026 00:39:30 (3ee93aec679c4c4259841fe613dc97188e26a321,branch:main).

Game began 2026-07-03 18:56:15, ended 2026-07-04 14:03:13.

Chickenmagic, neutral male gnomish Ranger

                                                            -----....
                                                        .   |.........
                                                       -|-- --........
                                                       ...----....{.....
                                                       .-...............
                                                       . -----..........
                                                              -.........
                                                             --.-.. -|-
                                                           @.....## ...
                                                          ...@|.-  |%.%.|
                                                          u)..|..| ------
                                                          %.@.|..-----
                                                           -.@|....|.----
                                                           ---- ........|--
                                                                 -.....-|.--
                                                                   |....|..-
                                                                   ----.....|
                                                                       --..<|
                                                                         ----
Chickenmagic the Lookout     St:18 Dx:9 Co:14 In:14 Wi:14 Ch:7  Neutral
Dlvl:7  $:27 HP:0(30) Pw:32(32) AC:0  Xp:5 T:3223 

Latest messages:
 The 1st elven arrow misses the little dog.
 You are hit by the 1st elven arrow!
 The Woodland-elf is hit.
 The Woodland-elf is hit!
 The Woodland-elf wields a runed broadsword!
 It is hit.
 It is hit!
 It is missed.
 It is missed.
 Pick a monster, object or location.
 The Woodland-elf shoots an elven arrow!
 It is missed.
 It is missed.
 The Woodland-elf wields a runed short sword!
 The Woodland-elf swings her runed broadsword.
 The Woodland-elf hits!
 Are you sure you want to pray? [yn] (n) y
 You begin praying to Venus.
 You are surrounded by a shimmering light.
 The Woodland-elf swings her runed broadsword at the little dog.
 The Woodland-elf hits the little dog.
 You have a sad feeling for a moment, then it passes.
 The Woodland-elf swings her runed broadsword at the Woodland-elf.
 The Woodland-elf misses the Woodland-elf.
 The Woodland-elf starts to attack you, but pulls back.
 The Woodland-elf swings her runed broadsword at the Woodland-elf.
 The Woodland-elf hits the Woodland-elf.
 You finish your prayer.
 You feel that Venus is well-pleased.
 Pick a monster, object or location.
 In what direction? 7
 The crossbow bolt misses the Woodland-elf.
 The Woodland-elf swings her runed broadsword.
 The Woodland-elf misses!
 In what direction? 7
 The crossbow bolt misses the Woodland-elf.
 The Woodland-elf swings her runed broadsword.
 The Woodland-elf hits!
 What do you want to zap? [D or ?*] D
 In what direction? .
 The Woodland-elf throws a runed dagger!
 You are almost hit by a runed dagger.
 The Woodland-elf swings her runed broadsword.
 The Woodland-elf hits!
 You die...
 Do you want your possessions identified? [ynq] (y) y
 Do you want to see your attributes? [ynq] (y) n
 Do you want an account of creatures vanquished? [ynaq] (y) n
 Do you want to see your conduct and achievements? [ynq] (y) n
 Do you want to see the dungeon overview? [ynq] (y) y

Inventory:
 Coins    ('$')
  $ - 27 gold pieces
 Weapons  (')')
  c - 39 +2 crossbow bolts (in quiver pouch)
  b - a +1 crossbow (weapon in right hand)
 Armor    ('[')
  i - an uncursed +0 orcish helm (being worn)
  x - an uncursed +1 pair of high boots (being worn)
  e - an uncursed +2 cloak of displacement (being worn)
  q - an uncursed +0 ring mail (being worn)
 Comestibles  ('%')
  f - an uncursed cram ration
  K - an uncursed tripe ration
 Scrolls  ('?')
  C - an uncursed scroll of confuse monster
  G - a cursed scroll of identify
 Rings    ('=')
  p - an uncursed ring of conflict (on right hand)
 Wands    ('/')
  D - a wand of digging (0:3)
 Tools    ('(')
  B - a bag of tricks (0:12)
  s - a cursed credit card
  l - an uncursed towel
 Gems/Stones  ('*')
  E - 2 uncursed worthless pieces of white glass

Chickenmagic the Ranger's attributes:

Background:
 You were a Lookout, a level 5 male gnomish Ranger.
 You were neutral, on a mission for Venus
 who was opposed by Mercury (lawful) and Mars (chaotic).
 You were right-handed.
 You were in the Gnomish Mines, on level 7.
 You entered the dungeon 3223 turns ago.
 You had 241 experience points, 79 more were needed to attain level 6.

Basics:
 You had 0 out of 30 hit points.
 You had all 32 energy points (spell power).
 Your armor class was 0.
 Your wallet contained 27 zorkmids.
 Autopickup was off.

Final Characteristics:
 Your strength was 18 (limit:18/50).
 Your dexterity was 9 (limit:18).
 Your constitution was 14 (limit:18).
 Your intelligence was 14 (limit:19).
 Your wisdom was 14 (limit:18).
 Your charisma was 7 (limit:18).

Final Status:
 You weren't hungry.
 You were unencumbered.
 You were wielding a crossbow.
 You had basic skill with crossbow.

Final Attributes:
 You were piously aligned.
 You were telepathic.
 You had automatic searching.
 You had infravision.
 You were displaced.
 You caused conflict.
 You were warded.
 Your spell casting was impaired by metallic armor.
 You are dead.

Miscellaneous:
 You encountered 1 bones level.
 Total elapsed playing time was 1 hour, 53 minutes and 13 seconds.

Major events:
 Turn
    1: Chickenmagic the neutral male gnomish Ranger entered the dungeon
 1204: attained the rank of Lookout (level 3)
 2369: entered the Gnomish Mines
 3093: reached Mine Town
 3223: killed by a Woodland-elf

Spells:
 Name                 Level Category     Fail Retention
 stone to flesh         3   healing      100%  76%-100%

Skills:
 Fighting Skills
   bare handed combat [Unskilled]
   riding             [Unskilled]
 Weapon Skills
   dagger             [Basic]
   knife              [Unskilled]
   axe                [Unskilled]
   pick-axe           [Unskilled]
   short sword        [Unskilled]
   morning star       [Unskilled]
   flail              [Unskilled]
   hammer             [Unskilled]
   quarterstaff       [Unskilled]
   polearms           [Unskilled]
   spear              [Unskilled]
   trident            [Unskilled]
   bow                [Unskilled]
   sling              [Unskilled]
   crossbow           [Basic]
   dart               [Unskilled]
   shuriken           [Unskilled]
   boomerang          [Unskilled]
   whip               [Unskilled]
 Spellcasting Skills
   healing spells     [Unskilled]
   divination spells  [Unskilled]
   escape spells      [Unskilled]

Voluntary challenges:
 Character rerolling was not enabled.
 You never genocided any monsters.
 You never polymorphed an object.
 You never changed form.
 You used no wishes.
Achievements:
 You attained the rank of Lookout.
 You entered a shop.
 You entered the Gnomish Mines.
 You entered Minetown.

 The Dungeons of Doom: levels 1 to 5
    Level 1:
    Level 2:
       Some altars, a fountain.
    Level 3:
       A sink, many trees.
    Level 4:
       A general store, a grave.
       Stairs down to The Gnomish Mines.
    Level 5:
       A sink.
 The Gnomish Mines: levels 5 to 7
    Level 5:
    Level 6:
    Level 7: <- You were here.
       A fountain.
       Final resting place for
          you, killed by a Woodland-elf,
          ksw-Val-Hum-Fem-Law, killed by an elven arrow.


Vanquished creatures:
  a dust vortex
  a Woodland-elf
  3 kobold mummies
  a giant ant
  2 little dogs
  a floating eye
  a homunculus
  a kobold leader
  2 rothes
  a rabid rat
  2 dwarf zombies
  a wererat
  a werejackal
  4 iguanas
 an acid blob
  2 coyotes
  3 hobbits
  3 hobgoblins
  a giant rat
  a gecko
 11 jackals
  a fox
  a kobold
  a goblin
  3 sewer rats
  4 grid bugs
  4 lichens
  2 kobold zombies
  5 newts
65 creatures vanquished.

No species were genocided or became extinct.

Game over:
                       ----------
                      /          \
                     /    REST    \
                    /      IN      \
                   /     PEACE      \
                  /                  \
                  |   Chickenmagic   |
                  |      27 Au       |
                  |   killed by a    |
                  |   Woodland-elf   |
                  |                  |
                  |                  |
                  |       2026       |
                 *|     *  *  *      | *
        _________)/\\_//(\/(/\)/\//\/|_)_______

Goodbye Chickenmagic the Ranger...

You died in The Gnomish Mines on dungeon level 7 with 1299 points,
and 27 pieces of gold, after 3223 moves.
You were level 5 with a maximum of 30 hit points when you died.

